 Dungeon Crawl Stone Soup version 0.30-a0-777-ga9a30cbeda (webtiles) character file.

Game seed: 6867122679757797931

1739405 browni3141 the Slayer (level 25, 243/243 HPs)
             Began as a Minotaur Conjurer on Feb 15, 2023.
             Was the Champion of the Shining One.
             Escaped with the Orb
             ... and 3 runes!
             The game lasted 02:36:09 (60558 turns).

browni3141 the Slayer (Minotaur Conjurer)          Turns: 60558, Time: 02:36:10

Health: 243/243    AC: 50    Str: 19      XL:     25   Next: 4%
Magic:  34/34      EV: 21    Int: 15 (17) God:    the Shining One [******]
Gold:   2004       SH: 19    Dex: 13 (14) Spells: 25/28 levels left

rFire   + + .      SeeInvis +    P - +5 consecrated labrys {holy, Valiant Fragile Fly SInv}
rCold   + . .      Faith    .    F - +3 warlock's mirror {omnireflect}
rNeg    + + +      Spirit   +    S - +12 gold dragon scales
rPois   +          Reflect  +    (helmet restricted)
rElec   .          Harm     .    d - +2 cloak {Will+}
rCorr   +          Rampage  .    y - +0 pair of gloves of Fogogoak {rCorr Dex+2}
Will    ++...                    Z - +2 pair of boots Stlth
                                 W - brooch of Shielding {Spirit SH+8}
HPRegen 0.60/turn                J - ring of the Hare {EV+10}
MPRegen 0.24/turn                N - ring "Pankoila" {rF+ AC+4 Dex+4}

@: flying, glowing, studying 3 skills
A: horns 2, retaliatory headbutt, clumsy 1, weak 1
0: Orb of Zot
}: 3/15 runes: serpentine, barnacled, slimy
a: Renounce Religion, Divine Shield, Cleansing Flame, Summon Divine Warrior,
Brand Weapon With Holy Wrath


You escaped.
You worshipped the Shining One.
The Shining One was exalted by your worship.
You visited 10 branches of the dungeon, and saw 49 of its levels.
You also visited: Sewer and Gauntlet.

You collected 6212 gold pieces.
You spent 4208 gold pieces at shops.

Inventory:

Hand Weapons
 P - the +5 consecrated labrys (weapon) {holy, Valiant Fragile Fly SInv}
   (You bought it in a shop on level 2 of the Orcish Mines)

   Valiant:   It becomes more powerful as more dangerous foes come into view.
   SInv:      It lets you see invisible.
   Fly:       It grants you flight.
   Fragile:   It will be destroyed if unequipped.
Missiles
 z - 22 javelins
 D - 4 curare-tipped darts
 E - 12 throwing nets
 Q - 20 silver javelins
 T - 20 boomerangs (quivered)
Armour
 d - a +2 cloak of willpower (worn)
 y - the +0 pair of gloves of Fogogoak (worn) {rCorr Dex+2}
   (You found it on level 4 of the Dungeon)

   Dex:       It affects your dexterity (+2).
   rCorr:     It protects you from acid and corrosion.
 F - the +3 warlock's mirror (worn) {omnireflect}
   (You found it in a Gauntlet)

   Omnireflect: It can block and reflect piercing ranged attacks and magical
   attacks against the wielder's willpower.
 S - +12 gold dragon scales (worn)
 Z - a +2 pair of boots (worn)
Jewellery
 t - an amulet of faith
 I - the ring of Piqid {Ice rElec Str+5 Int-3 Stlth+}
   (You took it off Josephina on level 3 of the Realm of Zot)

   [ring of ice]

   It enhances your ice magic.
   Str:       It affects your strength (+5).
   Int:       It affects your intelligence (-3).
   rF:        It makes you vulnerable to fire.
   rC:        It protects you from cold.
   rElec:     It insulates you from electricity.
   Stlth:     It makes you more stealthy.
 J - the ring of the Hare (left hand) {EV+10}
   (You acquired it on level 4 of the Realm of Zot)

   [ring of evasion]

   EV:        It affects your evasion (+10).
 N - the ring "Pankoila" (right hand) {rF+ AC+4 Dex+4}
   (You found it in a Gauntlet)

   [ring of protection]

   AC:        It affects your AC (+4).
   Dex:       It affects your dexterity (+4).
   rF:        It protects you from fire.
 W - the brooch of Shielding (around neck) {Spirit SH+8}
   (You took it off a merfolk impaler on level 4 of the Shoals)

   [amulet of guardian spirit]

   It causes incoming damage to be divided between your reserves of health and
   magic.
   SH:        It affects your SH (+8).
Wands
 a - a wand of quicksilver (17)
 q - a wand of polymorph (14)
 u - a wand of roots (13)
 C - a wand of digging (5)
 L - a wand of charming (24)
 R - a wand of flame (46)
Scrolls
 g - 7 scrolls of immolation
 i - 5 scrolls of poison
 j - 8 scrolls of fog
 k - 2 scrolls of vulnerability
 n - a scroll of enchant armour
 o - 5 scrolls of magic mapping
 p - 4 scrolls of blinking
 r - 12 scrolls of teleportation
 w - 4 scrolls of fear
 x - 13 scrolls of enchant weapon
 G - 18 scrolls of identify
 M - 7 scrolls of amnesia
 U - a scroll of silence
Potions
 b - a potion of might
 e - 2 potions of cancellation
 h - 17 potions of curing
 l - 13 potions of lignification
 m - 14 potions of flight
 s - 3 potions of ambrosia
 A - 9 potions of heal wounds
 B - 6 potions of attraction
 H - 5 potions of mutation
 O - 11 potions of brilliance
Miscellaneous
 f - a lightning rod (4/4)
 v - a condenser vane
 K - a phial of floods
 V - a tin of tremorstones (2/2)
 X - a piece from Xom's chessboard (15/15)


   Skills:
 * Level 23.1 Fighting
 - Level 17.8(18.0) Axes
 - Level 3.5(12.2) Maces & Flails
 - Level 18.0 Throwing
 * Level 22.7 Armour
 * Level 21.0 Dodging
 - Level 1.5 Stealth
 - Level 17.0 Shields
 - Level 2.0 Spellcasting
 - Level 3.0 Conjurations
 * Level 17.4 Invocations
 + Level 12.9 Evocations


You had 25 spell levels left.
You knew the following spells:

 Your Spells              Type           Power      Damage    Failure   Level
a - Magic Dart            Conj           40%        1d5       83%         1
b - Searing Ray           Conj           20%        2d5       93%         2

Your spell library contained the following spells:

 Spells                   Type           Power      Damage    Failure   Level
 Shock                    Conj/Air       24%        1d4       96%         1
 Freeze                   Ice            4%         1d3       99%         1
 Slow                     Hex            4%         N/A       99%         1
 Static Discharge         Conj/Air       12%        2-3/arc   99%         2
 Blink                    Tloc           2%         N/A       100%        2
 Call Imp                 Summ           1%         N/A       100%        2
 Cigotuvi's Dreadful Rot  Necr/Pois/Air  2%         N/A       100%        2
 Scorch                   Fire           2%         2d5       100%        2
 Sublimation of Blood     Necr           1%         N/A       100%        2
 Wereblood                Tmut           1%         N/A       100%        2
 Call Canine Familiar     Summ           1%         N/A       100%        3
 Confusing Touch          Hex            1%         N/A       100%        3
 Dazzling Flash           Conj/Hex       12%        N/A       100%        3
 Frozen Ramparts          Ice            2%         1d1       100%        3
 Gell's Gravitas          Tloc           1%         N/A       100%        3
 Hailstorm                Conj/Ice       6%         3d4       100%        3
 Ignite Poison            Fire/Tmut/Pois 1%         N/A       100%        3
 Inner Flame              Hex/Fire       1%         N/A       100%        3
 Kindle Blastsparks       Fire/Tloc/Air  2%         2d10      100%        3
 Mephitic Cloud           Conj/Pois/Air  4%         N/A       100%        3
 Ozocubu's Armour         Ice            1%         N/A       100%        3
 Stone Arrow              Conj/Erth      12%        3d7       100%        3
 Summon Guardian Golem    Hex/Summ       1%         N/A       100%        3
 Swiftness                Air            1%         N/A       100%        3
 Teleport Other           Tloc           1%         N/A       100%        3
 Vampiric Draining        Necr           1%         2d6       100%        3
 Vhi's Electric Charge    Tloc/Air       2%         N/A       100%        3
 Airstrike                Air            0%         2d(1-17)  100%        4
 Anguish                  Hex/Necr       0%         N/A       100%        4
 Animate Armour           Summ/Erth      2%         N/A       100%        4
 Animate Dead             Necr           1%         N/A       100%        4
 Dispel Undead            Necr           1%         3d6       100%        4
 Flame Wave               Conj/Fire      6%         2d5       100%        4
 Fulminant Prism          Conj/Hex       3%         3d5       100%        4
 Ice Form                 Ice/Tmut       1%         N/A       100%        4
 Iskenderun's Mystic Bla  Conj/Tloc      6%         2d4       100%        4
 Leda's Liquefaction      Hex/Erth       0%         N/A       100%        4
 Manifold Assault         Tloc           1%         N/A       100%        4
 Petrify                  Tmut/Erth      1%         N/A       100%        4
 Sticky Flame             Conj/Fire      6%         2d3       100%        4
 Summon Ice Beast         Ice/Summ       1%         N/A       100%        4
 Agony                    Necr           1%         N/A       100%        5
 Arcjolt                  Conj/Air       3%         1d13      100%        5
 Borgnjor's Vile Clutch   Necr/Erth      0%         N/A       100%        5
 Fireball                 Conj/Fire      3%         3d4       100%        5
 Freezing Cloud           Conj/Ice/Air   2%         6-21      100%        5
 Irradiate                Conj/Tmut      3%         3d12      100%        5
 Iskenderun's Battlesphe  Conj           10%        2d6       100%        5
 Lee's Rapid Deconstruct  Erth           0%         3d4*      100%        5
 Lightning Bolt           Conj/Air       3%         1d14      100%        5
 Metabolic Englaciation   Hex/Ice        0%         N/A       100%        5
 Silence                  Hex/Air        0%         N/A       100%        5
 Summon Forest            Summ/Tloc      0%         N/A       100%        5
 Yara's Violent Unravell  Hex/Tmut       0%         3d3       100%        5
 Conjure Ball Lightning   Conj/Air       3%         3x3d6     100%        6
 Death Channel            Necr           0%         N/A       100%        6
 Dispersal                Tloc           0%         N/A       100%        6
 Eringya's Noxious Bog    Tmut/Pois      0%         N/A       100%        6
 Simulacrum               Ice/Necr       0%         N/A       100%        6
 Statue Form              Tmut/Erth      0%         N/A       100%        6
 Summon Cactus Giant      Summ           0%         N/A       100%        6
 Enfeeble                 Hex            0%         N/A       100%        7
 Orb of Destruction       Conj           5%         9d5       100%        7
 Ozocubu's Refrigeration  Ice            0%         4d7       100%        7
 Spellforged Servitor     Conj/Summ      3%         N/A       100%        7
 Storm Form               Tmut/Air       0%         N/A       100%        7
 Summon Hydra             Summ           0%         N/A       100%        7
 Discord                  Hex            0%         N/A       100%        8
 Disjunction              Tloc           0%         N/A       100%        8
 Lehudib's Crystal Spear  Conj/Erth      3%         10d2      100%        8
 Summon Horrible Things   Summ           0%         N/A       100%        8
 Polar Vortex             Ice            0%         N/A       100%        9


Dungeon Overview and Level Annotations

Branches:
Dungeon (15/15)            Temple (1/1) D:4            Lair (5/5) D:11
 Shoals (4/4) Lair:2        Snake (4/4) Lair:2        Slime (5/5) Lair:5
    Orc (2/2) D:11            Elf (0/3) Orc:2        Vaults (4/5) D:13
  Crypt (0/3) Vaults:2     Depths (4/4) D:15            Zot (5/5) Depths:4
  Sewer (visited)         Gauntlet (visited)

Altars:
Ashenzari
Cheibriados
Dithmenos
Elyvilon
Fedhas
Gozag
Hepliaklqana
Kikubaaqudgha
Makhleb
Nemelex Xobeh
Okawaru
Qazlal
Ru
Sif Muna
Trog
Uskayaw
Vehumet
Wu Jian
Xom
Yredelemnul
Zin
The Shining One
Ignis
Jiyva
Lugonu

Shops:
D:1 (   D:11 =   D:12 (*   Orc:1 :   Orc:2 (*?*   Shoals:4 *   Snake:2 :
Snake:4 *(   Vaults:1 [   Vaults:2 (   Vaults:3 [   Depths:1 [   Depths:4 *

Portals:
Hell: Depths:1 Depths:2 Depths:4
Abyss: Depths:1* Depths:3 Depths:4
Pandemonium: Depths:2 Depths:3
Ziggurat: Depths:2

Annotations:
D:12 3 runed translucent doors, exclusion: obsidian statue, Huon's ghost, journeyman DECj
Slime:5 exclusion: upstairs


Innate Abilities, Weirdness & Mutations

You have a pair of horns on your head.
You reflexively headbutt those who attack you in melee.
You are clumsy. (Dex -2)
You are weak. (Str -2)


Message History

The demonspawn warmonger closely misses you.
You slice the demonspawn warmonger!!
The demonspawn warmonger convulses!!
The demonspawn warmonger is heavily wounded.
The demonspawn warmonger blocks your attack. x2
The demonspawn warmonger is heavily wounded.
The demonspawn warmonger hits you with a +1 vampiric demon trident!!
You block the demonspawn warmonger's attack.
The demonspawn warmonger gores you but does no damage.
You slice the demonspawn warmonger!!
The demonspawn warmonger convulses!!
You kill the demonspawn warmonger!
The Shining One accepts your kill.
You feel better.
You feel your power returning.
No target in view!
No target in view!
(D) Dungeon (T) Temple (L) Lair (A) Shoals (P) Snake Pit (M) Slime Pits (O) Orcish Mines (E) Elven Halls (V) Vaults (C) Crypt (U) Depths (H) Hell (Z) Zot
Where to? (Enter - D:1 @ (x,y), ? - help)
Things that are here:
a +0 heavy great sword; a +3 longbow of flaming; a +2 plate armour of willpower Magic restored.
There is an open door here.
A blizzard demon comes into view.
The blizzard demon shouts!
The blizzard demon gestures at you.
There is a shaft here.
There is an open door here.
Aiming: Dig
Press: ? - help, Shift-Dir - straight line A rock wall.
This square is lit by a halo and is covered in magical glow.
The rock shatters into small pieces.
Aiming: Dig
Press: ? - help, Shift-Dir - straight line A rock wall.
This square is lit by a halo and is covered in magical glow.
The rock shatters into small pieces.
There is a staircase leading out of the dungeon here.
You have escaped!

...............#
......########)#
####'#########.#
.............#.#
#..#.#######.#.# #..#.#
#.#.# ...#.# #.#.#
...#.#######.#.♣♣♣♣♣♣♣♣♣
........2......♣@......♣
##########.#.#.♣.PPPPP.♣
........##.#.#...P~≈~P.♣
#######.##.#.#.♣.P~8~P.♣
#.##.#.#.♣.P~~~P.♣
#.#....#.♣.PPPPP.♣
#.######.♣.......♣
#.######.♣♣♣♣♣♣♣♣♣
#..............#


There were no monsters in sight!

Vanquished Creatures
  the Royal Jelly (Slime:5)
  Dissolution (Slime:4)
  2 ancient liches (Zot:5)
  7 orbs of fire (Zot:5)
  The ghost of Zeaxzic Paph the Slayer, a veteran OgBe of Trog (Zot:1)
  The ghost of Voulohy the Wrestler, a veteran TrCK of Xom (Zot:4)
  Josephina (Zot:3)
  Vv (Zot:1)
  4 Killer Klowns
  4 shard shrikes (Depths:3)
  5 caustic shrikes (Depths:4)
  2 curse toes (Zot:3)
  Jory (Depths:3)
  6 golden dragons
  Nikola (Vaults:2)
  A bone dragon (Depths:4)
  3 electric golems
  A Tzitzimitl (Depths:4)
  A Brimstone Fiend (Zot:1)
  11 tentacled monstrosities
  A hellephant (Depths:1)
  An Ice Fiend (Zot:1)
  2 liches
  24 Orb Guardians (Zot:5)
  14 acid blobs
  Polyphemus (Shoals:4)
  An Executioner (D:1)
  6 quicksilver dragons
  11 death cobs
  Kirke (Snake:1)
  A sphinx (Vaults:2)
  Agnes (Snake:1)
  3 tentacled starspawn (Depths:1)
  3 tengu reavers
  8 storm dragons
  4 shadow dragons
  8 draconian monks
  9 azure jellies
  9 rockslimes
  2 demonspawn warmongers (D:1)
  12 nagarajas (Snake:4)
  3 ghost moths
  5 fire giants
  A balrug (Depths:2)
  5 draconian knights
  12 vault wardens
  9 frost giants
  2 draconian scorchers (Zot:3)
  Aizul (Vaults:1)
  8 draconian shifters
  3 orc warlords
  10 ironbound preservers
  7 draconian stormcallers
  8 draconian annihilators
  14 very ugly things
  19 stone giants
  14 ironbound thunderhulks
  12 quicksilver oozes
  15 green draconians
  12 white draconians
  A vampire knight (Depths:4)
  11 red draconians
  18 black draconians
  2 lorocyprocas
  11 yellow draconians
  2 starcursed masses (Depths:1)
  13 purple draconians
  4 spark wasps (Depths:4)
  2 minotaurs
  14 dire elephants
  The ghost of patfeehan111222 the Protected, a journeyman MiBe of Trog (D:13)
  13 ettins
  4 fire dragons
  6 merfolk javelineers
  10 merfolk impalers
  2 entropy weavers
  7 yaktaur captains
  9 great orbs of eyes
  4 rakshasas
  13 ice dragons
  5 vault guards (Vaults:3)
  Erica (D:11)
  A salamander tyrant (Snake:4)
  9 hydras
  2 merfolk avatars
  A centaur warrior (D:13)
  A catoblepas (Shoals:4)
  4 ironbound frosthearts
  5 merfolk aquamancers (Shoals:4)
  15 anacondas
  5 two-headed ogres
  2 dancing weapons (D:13)
  3 boulder beetles
  2 alligator snapping turtles (Shoals:4)
  4 satyrs
  16 naga warriors
  9 tengu warriors
  7 deep troll earth magi
  10 death yaks
  8 hell hogs (Depths:1)
  An orc high priest (Orc:1)
  5 deep troll shamans
  Urug (Orc:2)
  6 hell knights
  2 vampire magi
  4 shock serpents
  2 spriggan berserkers
  11 naga sharpshooters
  A sun demon (D:7)
  A sixfirhy (Zot:2)
  A fire crab (D:15)
  2 salamander mystics (Snake:4)
  7 soul eaters
  14 sea snakes
  A skeletal warrior (D:15)
  8 iron trolls
  A swamp dragon (Lair:5)
  4 skysharks
  A quicksilver dragon simulacrum (Zot:3)
  5 glowing orange brains
  A shadow demon (Depths:3)
  46 deep trolls
  9 orc knights
  6 wizards
  2 necromancers
  8 naga ritualists
  A flayed ghost (D:15)
  5 lindwurms
  11 harpies
  A deep elf pyromancer (D:13)
  11 ironbound convokers
  Pikel (D:8)
  8 mana vipers
  16 manticores
  44 ugly things
  A wolf spider (D:15)
  6 orc sorcerers
  2 oklob plants (Shoals:2)
  11 salamanders
  12 cyclopes
  A cyclops (shapeshifter) (D:15)
  22 fauns
  15 naga magi
  25 moths of wrath
  3 shining eyes (Slime:5)
  7 guardian serpents
  Maurice (D:8)
  7 water nymphs
  3 eyes of devastation
  A black mamba (shapeshifter) (D:14)
  17 merfolk sirens
  14 elephants
  31 black mambas
  2 torpor snails
  5 cane toads
  An orange demon (Depths:3)
  2 smoke demons (Depths:2)
  Maggie (Lair:1)
  2 gargoyles (D:12)
  16 vault sentinels
  31 yaktaurs
  An unseen horror (D:12)
  3 rime drakes (Lair:5)
  8 komodo dragons
  2 efreet (Zot:3)
  2 tormentors
  4 tengu conjurers (Depths:1)
  A kobold demonologist (D:10)
  A ghost moth simulacrum (Zot:3)
  A red devil (Depths:3)
  An ice devil (Depths:2)
  3 meliai (Shoals:3)
  2 yaktaur skeletons (Vaults:4)
  40 merfolk
  11 trolls
  A tengu simulacrum (Depths:3)
  A hellwing (Depths:3)
  14 polar bears
  3 raiju (Lair:5)
  12 wind drakes
  15 snapping turtles
  5 saltlings (Orc:2)
  15 blink frogs
  17 dream sheep
  A stone giant simulacrum (Vaults:4)
  Sigmund (D:2)
  A small abomination (Zot:3)
  A culicivora (Vaults:3)
  A slime creature (shapeshifter) (Depths:1)
  A ynoxinul (Depths:3)
  A jumping spider (Vaults:3)
  5 wraiths
  5 shadows
  An elf simulacrum (Vaults:3)
  11 water elementals
  34 yaks
  2 wyverns
  70 slime creatures
  12 fire elementals
  5 hogs (Snake:1)
  3 golden eyes (Slime:5)
  6 basilisks
  A neqoxec (D:9)
  A redback (Vaults:3)
  A redback simulacrum (D:13)
  3 steam dragons
  9 vampire mosquitoes
  2 chaos spawn (Depths:3)
  10 wargs
  33 nagas
  4 swamp worms (D:11)
  2 acid dragons (Lair:5)
  12 hell hounds (Lair:5)
  A two-headed ogre zombie (D:11)
  9 water moccasins
  Duvessa (D:4)
  14 orc warriors
  A swamp drake (Lair:5)
  2 sky beasts
  4 ice beasts
  13 black bears
  3 boggarts (D:14)
  12 ogres
  35 wolves
  A lemure (D:8)
  A phantom (D:6)
  10 centaurs
  2 kobold brigands
  A human zombie (Vaults:4)
  Blork the orc (D:4)
  A gnoll sergeant (D:8)
  15 bullfrogs
  A glowing shapeshifter simulacrum (Depths:3)
  4 scorpions
  2 necrophages
  Dowan (D:4)
  9 killer bees
  4 troll zombies (D:11)
  7 howler monkeys
  3 electric eels (D:14)
  2 jellies
  14 orc priests
  2 gnoll boudas
  2 hounds
  7 iguanas
  5 hell rats (Lair:3)
  18 orc wizards
  Natasha (thrice) (D:2)
  3 ogre zombies (D:11)
  19 gnolls
  12 adders
  3 river rats (Sewer)
  2 shadow imps
  3 white imps
  4 ufetubi
  3 worms
  2 dart slugs
  59 orcs
  20 bats
  8 endoplasms
  8 giant cockroaches
  7 goblins
  5 hobgoblins
  5 jackals
  12 quokkas
  9 ball pythons
  4 frilled lizards
  2 goblin zombies (D:11)
  3 hobgoblin skeletons (D:11)
  2 hobgoblin zombies (D:11)
  12 kobolds
  5 orc skeletons (D:11)
  13 orc zombies (D:11)
  8 rats
  8 briar patches (D:11)
  4 pillars of salt (Orc:2)
1939 creatures vanquished.

Vanquished Creatures (collateral kills)
  A dread lich (Zot:5)
  Parghit (Zot:2)
  Xtahua (Vaults:3)
  Zenata (Vaults:4)
  An Orb Guardian (Zot:5)
  A draconian scorcher (Zot:1)
  An ironbound thunderhulk (Vaults:3)
  A red draconian (Zot:1)
  A purple draconian (Zot:1)
  A great orb of eyes (Vaults:4)
  An anaconda (Snake:4)
  A deep troll earth mage (Depths:1)
  4 deep trolls
  An orc knight (Orc:1)
  An ugly thing (Depths:3)
  A salamander (Snake:4)
  A yaktaur (Vaults:3)
  3 orc warriors (Orc:1)
  An orc priest (Orc:1)
  4 orcs (Orc:1)
28 creatures vanquished.

Vanquished Creatures (others)
  An eldritch tentacle (Vaults:1)
  A nagaraja (Snake:4)
  A draconian knight (Zot:1)
  A merfolk impaler (Shoals:4)
  An alligator snapping turtle (Shoals:4)
  2 shock serpents (Snake:4)
  An orc knight (Orc:2)
  A harpy (Shoals:3)
  2 manticores
  A moth of wrath (Zot:3)
  A yaktaur (Vaults:1)
  A ghost moth simulacrum (Zot:3)
  A basilisk (D:11)
  A white draconian simulacrum (Zot:3)
  A warg (Orc:1)
  A moth of wrath simulacrum (Zot:3)
  A sky beast (D:8)
  An orc warrior (Orc:1)
  A briar patch (D:11)
  4 demonic plants (Gauntlet)
  34 foxfires
  21 fungi
  94 plants
  6 starspawn tentacles (Depths:1)
  15 withered plants
195 creatures vanquished.

Grand Total: 2162 creatures vanquished

Notes
Turn   | Place    | Note
-------+----------+-------------------------------------------
     0 | D:1      | browni3141 the Minotaur Conjurer began the quest for the
                  | Orb.
     0 | D:1      | Reached XP level 1. HP: 14/14 MP: 1/1
   168 | D:1      | Reached skill level 1 in Fighting
   311 | D:1      | Reached XP level 2. HP: 23/23 MP: 3/3
   521 | D:1      | You fall into a shaft and drop 1 floor!
   529 | D:2      | Found a faded altar of an unknown god.
   543 | D:2      | Prayed at the altar of an unknown god.
   543 | D:2      | Became a worshipper of Ignis, the Dying Flame
   593 | D:2      | Reached skill level 2 in Fighting
   595 | D:2      | Noticed Sigmund
   596 | D:2      | Learned a level 2 spell: Searing Ray
   610 | D:2      | Killed Sigmund
   611 | D:2      | Reached XP level 3. HP: 29/29 MP: 5/5
   611 | D:2      | Reached XP level 4. HP: 36/36 MP: 6/6
   611 | D:2      | Reached XP level 5. HP: 41/41 MP: 7/7
  1086 | D:1      | Found Ikkiod's Weapon Boutique.
  1415 | D:2      | Noticed Natasha
  1423 | D:2      | Killed Natasha
  1576 | D:2      | HP: 2/41 [gnoll/+0 club (2)]
  1808 | D:2      | Reached XP level 6. HP: 14/48 MP: 1/8
  1812 | D:2      | Noticed Natasha
  2028 | D:2      | Killed Natasha
  2143 | D:2      | Noticed Natasha
  2153 | D:2      | Killed Natasha
  2744 | D:3      | Found an opulent altar of Gozag.
  3407 | D:3      | Found a sacrificial altar of Ru.
  3408 | D:3      | Found a bloodstained altar of Trog.
  3856 | D:4      | Noticed Blork the orc
  3856 | D:4      | Found a staircase to the Ecumenical Temple.
  4083 | D:4      | Killed Blork the orc
  4084 | D:4      | Reached skill level 1 in Evocations
  4098 | Temple   | Entered the Ecumenical Temple
  4254 | D:4      | Reached skill level 3 in Fighting
  4254 | D:4      | Reached XP level 7. HP: 20/57 MP: 9/9
  4540 | D:4      | Identified the +0 pair of gloves of Fogogoak {rCorr Dex+2}
  4666 | D:4      | Reached skill level 1 in Maces & Flails
  4890 | D:4      | Noticed Duvessa
  4906 | D:4      | Noticed Dowan
  4914 | D:4      | Killed Duvessa
  4915 | D:4      | Reached skill level 4 in Fighting
  4916 | D:4      | Killed Dowan
  5213 | D:5      | Entered Level 5 of the Dungeon
  5281 | D:5      | Reached XP level 8. HP: 61/67 MP: 4/10
  5365 | D:5      | Reached skill level 5 in Fighting
  6123 | D:6      | Reached skill level 1 in Axes
  6123 | D:6      | Reached skill level 1 in Shields
  6214 | D:6      | Reached skill level 6 in Fighting
  6265 | D:6      | Found a glowing drain.
  6269 | Sewer    | Entered a sewer
  7452 | D:6      | Reached skill level 5 in Axes
  7452 | D:6      | Reached XP level 9. HP: 71/75 MP: 11/11
  8624 | D:7      | Found a shimmering blue altar of Sif Muna.
  8920 | D:8      | Reached skill level 10 in Axes
  8934 | D:8      | Reached XP level 10. HP: 10/83 MP: 12/12
  9183 | D:8      | Noticed Maurice
  9198 | D:8      | Killed Maurice
  9631 | D:8      | Noticed Pikel
  9643 | D:8      | Killed Pikel
  9976 | D:9      | Found an ancient bone altar of Kikubaaqudgha.
  9979 | D:9      | Found a shadowy altar of Dithmenos.
  9982 | D:9      | Found a blossoming altar of Fedhas.
  9985 | D:9      | Found an ornate altar of the Wu Jian Council.
 10105 | D:9      | Noticed a two-headed ogre
 10116 | D:9      | Killed a two-headed ogre
 10586 | D:9      | Found a broken altar of Ashenzari.
 10602 | D:9      | Reached skill level 5 in Armour
 10924 | D:10     | Entered Level 10 of the Dungeon
 10930 | D:10     | Reached skill level 5 in Dodging
 11273 | D:10     | Reached skill level 7 in Fighting
 11424 | D:10     | Reached XP level 11. HP: 83/92 MP: 13/13
 11799 | D:10     | Reached skill level 5 in Shields
 12366 | D:11     | Found a transporter.
 12380 | D:11     | Found a staircase to the Orcish Mines.
 12396 | D:11     | Reached skill level 8 in Fighting
 12937 | D:11     | Found a transporter.
 13134 | D:11     | Found a staircase to the Lair.
 13180 | D:11     | Found Tinewn's Jewellery Shoppe.
 13246 | D:11     | Noticed a cyan ugly thing
 13263 | D:11     | Killed a cyan ugly thing
 13348 | D:11     | Bought an amulet of regeneration for 330 gold pieces
 13453 | D:11     | Noticed Erica
 13470 | D:11     | Killed Erica
 13602 | Lair:1   | Entered Level 1 of the Lair of Beasts
 13647 | Lair:1   | Reached skill level 9 in Fighting
 13737 | Lair:1   | Noticed Maggie
 13760 | Lair:1   | Killed Maggie
 13761 | Lair:1   | Reached XP level 12. HP: 38/104 MP: 14/14
 14111 | Lair:1   | Reached skill level 15 in Axes
 14431 | Lair:2   | Noticed a five-headed hydra
 14513 | Lair:2   | Found a staircase to the Shoals.
 14733 | Lair:2   | Killed a four-headed hydra
 14734 | Lair:2   | Reached skill level 10 in Fighting
 14860 | Lair:2   | Found a staircase to the Snake Pit.
 15548 | Lair:3   | You fall into a shaft and drop 2 floors!
 15548 | Lair:5   | Entered Level 5 of the Lair of Beasts
 15684 | Lair:4   | Reached skill level 10 in Armour
 15720 | Lair:4   | Reached XP level 13. HP: 112/115 MP: 15/15
 15736 | Lair:4   | Reached skill level 11 in Fighting
 16690 | Lair:3   | Reached skill level 10 in Dodging
 17333 | Temple   | Fell from the grace of Ignis
 17333 | Temple   | Became a worshipper of the Shining One
 17606 | Lair:5   | Found a staircase to the Slime Pits.
 17606 | Lair:5   | Found a viscous altar of Jiyva.
 17839 | Lair:5   | Reached * piety under the Shining One
 17885 | Lair:5   | Reached skill level 5 in Throwing
 17912 | Lair:5   | Reached skill level 5 in Evocations
 17913 | Lair:5   | Reached skill level 12 in Fighting
 18144 | Lair:5   | Reached ** piety under the Shining One
 18229 | Lair:5   | Got Sif Muna's Progressing With Witchery
 18428 | Lair:5   | Reached XP level 14. HP: 105/127 MP: 16/16
 18556 | Lair:5   | Reached skill level 1 in Invocations
 19008 | Lair:5   | HP: 5/127 [poison (poison gas)]
 19010 | Lair:5   | HP: 2/127 [poison (poison gas)]
 19015 | Lair:5   | HP: 3/127 [poison (poison gas)]
 20001 | Orc:1    | Entered Level 1 of the Orcish Mines
 20313 | Orc:1    | Found Inavat's Self-Improvement Boutique.
 20360 | Orc:1    | You fall into a shaft and drop 1 floor!
 20360 | Orc:2    | Entered Level 2 of the Orcish Mines
 20416 | Orc:2    | Reached *** piety under the Shining One
 20473 | Orc:2    | Noticed Urug
 20478 | Orc:2    | Was forgiven by Ignis
 20486 | Orc:2    | Killed Urug
 20693 | Orc:2    | Found a staircase to the Elven Halls.
 20808 | Orc:2    | Found Cecujey's Assorted Antiques.
 20922 | Orc:1    | Noticed an orc warlord
 20934 | Orc:1    | Found a shimmering altar of Xom.
 20977 | Orc:1    | Killed an orc warlord
 20978 | Orc:1    | Reached skill level 13 in Fighting
 21290 | Orc:2    | Found Xiqaf's Magic Scroll Shop.
 21309 | Orc:2    | Reached **** piety under the Shining One
 21310 | Orc:2    | Noticed an orc warlord
 21364 | Orc:2    | Killed an orc warlord
 21420 | Orc:2    | Found Yblis's Assorted Antiques.
 21466 | Orc:2    | Found Kaicw's Weapon Emporium.
 21636 | Orc:2    | Bought the +5 consecrated labrys {holy, Valiant Fragile Fly
                  | SInv} for 638 gold pieces
 21636 | Orc:2    | Found the +5 consecrated labrys {holy, Valiant Fragile Fly
                  | SInv}
 21664 | Orc:2    | Bought a scroll of identify for 30 gold pieces
 21664 | Orc:2    | Bought a scroll of identify for 30 gold pieces
 22181 | D:12     | Found a runed translucent gate.
 22181 | D:12     | Found a runed translucent gate.
 22181 | D:12     | Found a runed translucent gate.
 22182 | D:12     | Found an opulent altar of Gozag.
 22183 | D:12     | Noticed Huon's ghost (journeyman DECj)
 22185 | D:12     | Found Vuas's Assorted Antiques.
 22206 | D:12     | Noticed Sonja
 22210 | D:12     | Sonja changed into Sonja the wyvern
 22210 | D:12     | Noticed Sonja
 22220 | D:12     | Killed Sonja the wyvern
 22360 | D:12     | Found Cyhop's Firing Range.
 22718 | Orc:1    | Bought a manual of Shields for 880 gold pieces
 23276 | D:13     | Found a runed translucent door.
 23276 | D:13     | Noticed patfeehan111222's ghost (journeyman MiBe)
 23338 | D:13     | Found a gate to the Vaults.
 23350 | D:13     | Reached XP level 15. HP: 126/136 MP: 17/17
 23381 | D:13     | Found a gate leading to a gauntlet.
 23420 | Gauntlet | Entered a Gauntlet
 23420 | Gauntlet | Found a transporter.
 23420 | Gauntlet | Found a transporter.
 23424 | Gauntlet | Found a transporter.
 23424 | Gauntlet | Found a transporter.
 23434 | Gauntlet | Found a transporter.
 23451 | Gauntlet | Reached ***** piety under the Shining One
 23457 | Gauntlet | Found a transporter.
 23463 | Gauntlet | Found a transporter.
 23463 | Gauntlet | Found a transporter.
 23468 | Gauntlet | Found a transporter.
 23495 | Gauntlet | Found a transporter.
 23502 | Gauntlet | Found a transporter.
 23549 | Gauntlet | Found a transporter.
 23559 | Gauntlet | Found a transporter.
 23575 | Gauntlet | Found a transporter.
 23674 | Gauntlet | Found a transporter.
 23688 | Gauntlet | Found a transporter.
 23833 | Gauntlet | Identified the ring "Pankoila" {rF+ AC+4 Dex+4}
 23884 | Gauntlet | Identified the amulet of Roabuoh {Spirit Drain rN++ Regen+
                  | Int+2}
 23935 | Gauntlet | Found the +3 warlock's mirror {omnireflect}
 23935 | Gauntlet | Identified the ring "Umpapotz" {Ice Str+6}
 24151 | D:13     | Reached skill level 5 in Invocations
 24339 | D:13     | Killed patfeehan111222's ghost
 24344 | D:13     | Got the Volume of Rallying
 25121 | D:14     | Reached skill level 10 in Shields
 25325 | D:15     | Entered Level 15 of the Dungeon
 25481 | D:15     | Reached skill level 14 in Fighting
 25611 | D:15     | Found a staircase to the Depths.
 25723 | D:15     | Found a hide-covered altar of Uskayaw.
 26118 | D:15     | Reached ****** piety under the Shining One
 26382 | Snake:1  | Entered Level 1 of the Snake Pit
 26696 | Snake:1  | Noticed Kirke
 26698 | Snake:1  | Was placed under penance by the Shining One
 26703 | Snake:1  | Fell from the grace of the Shining One
 26707 | Snake:1  | Killed Kirke
 26708 | Snake:1  | Reached XP level 16. HP: 147/147 MP: 19/19
 26725 | Snake:1  | Noticed Agnes
 26740 | Snake:1  | Killed Agnes
 27048 | Temple   | Became a worshipper of the Shining One
 28717 | Snake:2  | Found Pent's Vocational Training.
 29366 | Snake:3  | Identified the +5 whip "Sosozud" {flame, MP+9}
 29655 | Snake:3  | Reached skill level 15 in Fighting
 30267 | Snake:4  | Entered Level 4 of the Snake Pit
 30491 | Snake:4  | Reached skill level 10 in Throwing
 30717 | Snake:4  | Got a serpentine rune of Zot
 30830 | Snake:4  | Reached XP level 17. HP: 126/156 MP: 17/22
 31113 | Snake:4  | Reached skill level 15 in Armour
 31357 | Snake:4  | Found Moxai's Weapon Shoppe.
 31791 | Snake:4  | Identified the +7 dagger "Potusub" {venom, Fly Int+6 Dex+3}
 31791 | Snake:4  | Identified the +1 leather armour of Vexation {rF+}
 32031 | Snake:4  | Found Ular's Assorted Antiques.
 32039 | Snake:4  | Bought a runed cloak for 270 gold pieces
 32406 | Shoals:1 | Entered Level 1 of the Shoals
 32974 | Shoals:1 | Reached skill level 16 in Fighting
 34077 | Shoals:2 | Identified the ring of Immorality {rPois Str-2 SInv Stlth+}
 34651 | Shoals:3 | Reached XP level 18. HP: 166/166 MP: 24/24
 34942 | Shoals:3 | Identified the +7 dagger "Atihytt" {elec, rC+}
 35084 | Shoals:3 | Found a hide-covered altar of Uskayaw.
 35339 | Shoals:3 | Identified the +6 spear "Huasemm" {heavy, Will++}
 35587 | Shoals:4 | Entered Level 4 of the Shoals
 35587 | Shoals:4 | Noticed Polyphemus
 35606 | Shoals:4 | Killed Polyphemus
 35607 | Shoals:4 | Reached skill level 10 in Invocations
 35766 | Shoals:4 | Identified the +9 rapier "Giafaniw" {freeze, MP+9 Str+4
                  | Dex+3}
 35901 | Shoals:4 | Reached skill level 15 in Dodging
 36025 | Shoals:4 | Got a barnacled rune of Zot
 36078 | Shoals:4 | Found Maja's Assorted Antiques.
 36118 | Shoals:4 | Bought a tin of tremorstones (2/2) for 1080 gold pieces
 36118 | Shoals:4 | Bought a scroll of blinking for 202 gold pieces
 36118 | Shoals:4 | Bought a scroll of fear for 108 gold pieces
 37122 | Shoals:4 | Reached skill level 17 in Fighting
 37133 | Shoals:4 | Identified the +1 plate armour "Heoqeur" {Dex+3}
 37382 | Vaults:1 | Entered Level 1 of the Vaults
 37715 | Vaults:1 | Noticed Aizul
 37730 | Vaults:1 | Killed Aizul
 37875 | Vaults:1 | Identified the +6 chain mail of Xale {Will+ Regen+}
 38010 | Vaults:1 | Found Vuowkus's Armour Emporium.
 38269 | Vaults:1 | Reached XP level 19. HP: 140/157 MP: 22/26
 39042 | Vaults:2 | Found a staircase to the Crypt.
 39167 | Vaults:2 | Found Lankip's Antique Weapon Boutique.
 39883 | Vaults:2 | Noticed Nikola
 39897 | Vaults:2 | Killed Nikola
 40581 | Vaults:3 | Identified the +3 flail of Buuhos {flame, rF+ rCorr}
 40608 | Vaults:3 | Reached skill level 15 in Shields
 40791 | Vaults:3 | Reached skill level 18 in Fighting
 40984 | Vaults:3 | Noticed Xtahua
 40994 | Vaults:3 | Killed Xtahua
 41117 | Vaults:3 | Found Qealanet's Antique Armour Shoppe.
 41231 | Vaults:3 | Reached XP level 20. HP: 168/187 MP: 23/27
 42985 | Vaults:4 | Noticed Zenata
 42998 | Vaults:4 | Killed Zenata
 43462 | Depths:1 | Entered Level 1 of the Depths
 43558 | Depths:1 | Reached skill level 10 in Evocations
 43743 | Depths:1 | Found a gateway to Hell.
 43993 | Depths:1 | Reached skill level 19 in Fighting
 44166 | Depths:1 | Found Jekerealeo's Antique Weapon Shoppe.
 44173 | Depths:1 | Found Imodene's Armour Emporium.
 44180 | Depths:1 | Bought a +2 pair of gloves of infusion for 430 gold pieces
 44574 | Depths:1 | Found a corrupted altar of Lugonu.
 44576 | Depths:1 | Found a one-way gate to the infinite horrors of the Abyss.
 44577 | Depths:1 | Found a corrupted altar of Lugonu.
 44594 | Depths:1 | Found the +8 demon trident "Rift" {distort, reach+}
 45175 | Depths:2 | Reached XP level 21. HP: 193/198 MP: 18/29
 45433 | Depths:2 | Found a one-way gate leading to the halls of Pandemonium.
 46086 | Depths:2 | Found a one-way gateway to a ziggurat.
 46386 | Depths:3 | Noticed Jory
 46420 | Depths:3 | Killed Jory
 46442 | Depths:3 | Noticed a shard shrike
 46443 | Depths:3 | Noticed a shard shrike
 46444 | Depths:3 | Noticed a shard shrike
 46447 | Depths:3 | Killed a shard shrike
 46447 | Depths:3 | Killed a shard shrike
 46447 | Depths:3 | Killed a shard shrike
 46450 | Depths:3 | Noticed a shard shrike
 46451 | Depths:3 | Killed a shard shrike
 47260 | Depths:3 | Found a corrupted altar of Lugonu.
 47639 | Depths:4 | Entered Level 4 of the Depths
 47647 | Depths:4 | Noticed a golden dragon
 47661 | Depths:4 | Killed a golden dragon
 47830 | Depths:4 | Noticed a caustic shrike
 47836 | Depths:4 | Noticed a caustic shrike
 47836 | Depths:4 | Noticed a caustic shrike
 47838 | Depths:4 | Noticed a caustic shrike
 47838 | Depths:4 | Noticed a caustic shrike
 47859 | Depths:4 | Killed a caustic shrike
 47868 | Depths:4 | Killed a caustic shrike
 47874 | Depths:4 | Killed a caustic shrike
 47883 | Depths:4 | Killed a caustic shrike
 47892 | Depths:4 | Killed a caustic shrike
 47943 | Depths:4 | Found Decuafix's General Store.
 47951 | Depths:4 | Bought a potion of haste for 210 gold pieces
 48217 | Depths:4 | Found a gate to the Realm of Zot.
 48332 | Depths:4 | Reached skill level 20 in Fighting
 48580 | Depths:4 | Reached skill level 15 in Throwing
 49098 | Slime:1  | Entered Level 1 of the Pits of Slime
 49126 | Slime:1  | Reached XP level 22. HP: 155/209 MP: 23/31
 49189 | Slime:4  | Noticed Dissolution
 49210 | Slime:4  | Killed Dissolution
 49282 | Slime:5  | Entered Level 5 of the Pits of Slime
 49322 | Slime:5  | Noticed the Royal Jelly
 49513 | Slime:5  | Gained mutation: You are clumsy. (Dex -2) [a shining eye]
 49769 | Slime:5  | Found a viscous altar of Jiyva.
 49771 | Slime:5  | Found the +7 great mace "Undeadhunter" {deathbane, rN+}
 49989 | Slime:5  | Killed the Royal Jelly
 50161 | Slime:5  | Identified the +12 long sword "Meijuing" {heavy, rElec rF++
                  | rC- Int+3}
 50181 | Slime:5  | Got a slimy rune of Zot
 50182 | Slime:5  | Identified the +0 leather armour "Rixtas" {+Inv Regen+
                  | Int+2}
 50195 | Slime:5  | Identified the +10 shortbow "Dyeciv" {freeze, Will+ SInv}
 50253 | Slime:5  | Identified the +4 scale mail of the Demon Prince {Rampage
                  | *Slow rPois rCorr}
 50571 | Zot:1    | Entered Level 1 of the Realm of Zot
 51133 | Zot:1    | Noticed Zeaxzic Paph's ghost (veteran OgBe)
 51134 | Zot:1    | Found a large runed translucent door.
 51134 | Zot:1    | Found a large runed translucent door.
 51504 | Zot:1    | Identified a scroll of acquirement
 51536 | Zot:1    | Acquired the ring of Lilu {Drain rElec Str+2 SInv}
 51732 | Zot:1    | Identified the +0 pair of boots of the Amoeba {+Blink rPois
                  | Dex-2 Slay-3}
 51887 | Zot:1    | Killed Zeaxzic Paph's ghost
 51895 | Zot:1    | Identified the +1 ring mail "Jaygazum" {Drain Fly Slay+2}
 52189 | Zot:2    | Noticed Vv
 52384 | Zot:2    | Noticed a Killer Klown
 52402 | Zot:2    | Killed a Killer Klown
 52521 | Zot:2    | Noticed Parghit
 52592 | Zot:2    | Killed Parghit
 53188 | Zot:2    | Reached skill level 15 in Invocations
 53272 | Zot:1    | Killed Vv
 53408 | Zot:2    | Reached skill level 21 in Fighting
 53424 | Zot:2    | Reached XP level 23. HP: 220/220 MP: 33/33
 53552 | Zot:2    | Noticed a Killer Klown
 53583 | Zot:2    | Killed a Killer Klown
 54566 | Zot:3    | Identified the ring of Piqid {Ice rElec Str+5 Int-3 Stlth+}
 54566 | Zot:3    | Noticed Josephina
 54583 | Zot:3    | Killed Josephina
 55195 | Zot:3    | Noticed a curse toe
 55210 | Zot:3    | Killed a curse toe
 56227 | Zot:4    | Noticed a curse toe
 56248 | Zot:3    | Killed a curse toe
 57222 | Zot:4    | Reached XP level 24. HP: 220/231 MP: 32/34
 57236 | Zot:4    | Reached skill level 22 in Fighting
 57300 | Zot:4    | Identified the +8 great sword of Karma {freeze, Fragile
                  | Will+++ rCorr Str+3}
 57403 | Zot:4    | Found a runed translucent door.
 57404 | Zot:4    | Noticed Voulohy's ghost (veteran TrCK)
 58038 | Zot:4    | Killed Voulohy's ghost
 58044 | Zot:4    | Acquired the ring of the Hare {EV+10}
 58044 | Zot:4    | Found the ring of the Hare {EV+10}
 58099 | Zot:5    | Entered Level 5 of the Realm of Zot
 58204 | Zot:5    | Noticed an orb of fire
 58216 | Zot:5    | Noticed an orb of fire
 58221 | Zot:5    | Noticed an orb of fire
 58224 | Zot:5    | Killed an orb of fire
 58228 | Zot:5    | Killed an orb of fire
 58238 | Zot:5    | Killed an orb of fire
 58240 | Zot:5    | Noticed an ancient lich
 58253 | Zot:5    | Killed an ancient lich
 58324 | Zot:5    | Noticed an orb of fire
 58333 | Zot:5    | Noticed an orb of fire
 58346 | Zot:5    | Killed an orb of fire
 58348 | Zot:5    | Killed an orb of fire
 58805 | Zot:5    | Noticed an orb of fire
 58822 | Zot:5    | Noticed a Killer Klown
 58828 | Zot:5    | Killed an orb of fire
 58861 | Zot:5    | Killed a Killer Klown
 59350 | Zot:5    | Noticed an orb of fire
 59358 | Zot:5    | Noticed a Killer Klown
 59359 | Zot:5    | Gained mutation: You are weak. (Str -2) [an orb of fire]
 59380 | Zot:5    | Killed an orb of fire
 59681 | Zot:5    | Killed a Killer Klown
 59772 | Zot:5    | Noticed a dread lich
 59778 | Zot:5    | Noticed an ancient lich
 59781 | Zot:5    | Killed a dread lich
 59782 | Zot:5    | Reached skill level 23 in Fighting
 59788 | Zot:5    | Killed an ancient lich
 59899 | Zot:5    | Got the Orb of Zot
 59942 | Zot:3    | Noticed Damixur the pandemonium lord
 60142 | Depths:1 | Noticed Zaympiac the pandemonium lord
 60186 | D:14     | Noticed Tekoirei the pandemonium lord
 60234 | D:10     | Noticed Pero the pandemonium lord
 60338 | D:7      | Reached XP level 25. HP: 212/243 MP: 34/34
 60558 | D:$      | Escaped with the Orb!

Illustrated notes

Levels and vault maps discovered:
D:1:      tarquinn_simple_flora_water_a, layout_basic, serial_shops, shop,
          dreamdust_wishing_well
D:2:      layout_basic, dreamdust_ecumenical_altar_statues, uniq_sigmund,
          uniq_natasha
D:3:      layout_loops_ring, mainiacjoe_overflow_paths,
          gammafunk_temple_overflow_statue
D:4:      kennysheep_six_static_rooms, layout_rooms,
          minmay_temple_entry_mini_moons, uniq_duvessa, uniq_blork_the_orc
D:5:      layout_loops_ring
D:6:      layout_basic, gup_sewer_entry_spiral, kennysheep_generic_room_15
D:7:      layout_basic, lemuel_blue_sif_altar
D:8:      layout_basic, uniq_maurice, uniq_pikel
D:9:      layout_rooms, grunt_temple_overflow_cloverleaf,
          ashenzari_conservatory_becter, kennysheep_decorative_pillar,
          lemuel_flamethrower_2
D:10:     nicolae_cairo_tiling_very_big, layout_gridville,
          hangedman_decor_clover_reticule, minmay_librarian
D:11:     gammafunk_worm_tunnel, layout_cave_pools, zombieorc2_lemuel,
          nicolae_inconvenience_store, kennysheep_generic_room_16, uniq_erica
D:12:     layout_roguey, ebering_ghost_gozag, nicolae_shop_firing_range,
          uniq_sonja
D:13:     layout_rooms, erik_vaults_1, gammafunk_ghost_grave,
          gauntlet_entry_generic
D:14:     layout_basic
D:15:     hangedman_depths_entry_try_elsewhere_first, layout_loops_ring,
          nicolae_uskayaw_murder_on_the_dancefloor, minmay_fountain_box,
          kb_rosetta
Temple:   nicolae_temple_ecumenical_triangle
Lair:1:   layout_chaotic_city, uniq_maggie
Lair:2:   layout_cave_shapes, nicolae_shoals_entry_roost,
          minmay_snake_entry_guardpost_medium, infiniplex_staircase_pool_2,
          serial_bayou_shore_a
Lair:3:   layout_roguey, amcnicky_mini_pool_medium, grunt_megastairs_5,
          lemuel_fruit_fields
Lair:4:   layout_loops_ring, grunt_megastairs_1, lemuel_fruit_fields
Lair:5:   hangedman_lair_caniforms_friends, layout_long_grid,
          guppyfry_lair_end_dragon, minmay_slime_entry_pillars,
          minmay_stone_trees_small, infiniplex_staircase_pool
Shoals:1: layout_shoals, nicolae_shoals_wave_tunnel
Shoals:2: layout_shoals, nicolae_shoals_this_corrosion
Shoals:3: layout_shoals, regret_index_shoals_crete
Shoals:4: shoals_end_simple, layout_shoals, serial_shops,
          nicolae_shop_advertising_works [nicolae_subvault_shop_adworks],
          uniq_polyphemus
Snake:1:  minmay_snake_river, layout_chambers, grunt_ministairs_12, uniq_kirke,
          uniq_agnes
Snake:2:  layout_rooms, nicolae_shop_vocational, grunt_megastairs_3
Snake:3:  layout_grid_maze
Snake:4:  grunt_snake_rune_spirals, layout_onion_interference, serial_shops,
          nicolae_shop_hallway_plus, nicolae_shop_waterfront
Slime:1:  layout_caves, cheibrodos_slime_lost_civilization_4
Slime:2:  layout_caves
Slime:3:  layout_caves
Slime:4:  layout_caves, nicolae_slime_crime_time, uniq_dissolution
Slime:5
Orc:1:    layout_diamond_mine, basic_altar, nicolae_shop_self_help
Orc:2:    hellmonk_orc_salted, layout_caves, uniq_urug
Vaults:1: hangedman_vaults_stretched_pinwheel, hangedman_vaults_river_flow,
          hangedman_vaults_hat, hangedman_vaults_snaps, v_misc_12, v_misc_17,
          vaults_room_pools, v_misc_13, v_misc_22, hangedman_vaults_stitches,
          ontoclasm_vaults_tryst, nicolae_vaults_specimen_jars,
          nicolae_vaults_little_squares_5, nicolae_vaults_border_crossing,
          layout_vaults_omnicross, serial_shops, shop, uniq_aizul
Vaults:2: v_misc_31, v_pattern_3, v_misc_33, v_misc_18, grunt_vaults_focal,
          nicolae_vaults_gold_heap, vaults_dpeg_diagonal,
          layout_vaults_quadrants, dummy_crypt_entry, serial_shops,
          nicolae_shop_crystal, uniq_nikola
Vaults:3: v_rooms_3, vaults_room_grid, v_misc_8,
          nicolae_vaults_little_squares_3,
          vaults_standard_mumra_enter_the_diamond, v_misc_14,
          nicolae_vaults_network_barrier, vaults_mumra_minichess,
          hangedman_vaults_trim, v_misc_2, ontoclasm_vaults_pinch,
          vaults_room_hallway, nicolae_vaults_asterisk, serial_ice_m,
          vaults_dpeg_encased_lava, vaults_dpeg_hooks, layout_vaults_ring,
          serial_shops, shop, uniq_xtahua
Vaults:4: nicolae_vaults_little_squares_5, v_misc_26, hangedman_vaults_cutoff,
          nicolae_vaults_angled_halls, vaults_room_pools, vaults_dpeg_ring,
          nicolae_vaults_network_s, layout_vaults_big_room, uniq_zenata
Depths:1: layout_cave_shapes, grunt_hell_horde, hellmonk_guarded_unrand_rift,
          minmay_shoptagon, firewood_loft
Depths:2: nicolae_moon_pools, layout_gridlike, enter_ziggurat_c, hell_entry,
          rand_demon_pan_entry_7, grunt_decor_mini_mirrors
Depths:3: minmay_coctagon, layout_honeycomb, grunt_pan_entry_zigzag,
          abyss_entry_flame_altar, hangedman_geh_valley, uniq_jory
Depths:4: grunt_zot_entry_tricorne, layout_cave_shapes, hell_entry,
          serial_shops, shop, hangedman_abyss_entry_splay,
          chequers_serial_rivers_micro_b, drop_trap
Zot:1:    layout_basic, ebering_ghost_disaster_area
Zot:2:    grunt_deathspiral_small, layout_onion_interference,
          grunt_ministairs_10, uniq_vv, uniq_parghit
Zot:3:    lemuel_halls_of_wrath, layout_cathedral_of_symmetry, uniq_josephina
Zot:4:    layout_onion_interference, gammafunk_ghost_grave,
          st_small_dragon_hoard_3, grunt_megastairs_2
Zot:5:    layout_basic, grunt_ministairs_10

Skill      XL: |  1  2  3  4  5  6  7  8  9 10 11 12 13 14 15 16 17 18 19 20 21 22 23 24 |
---------------+-------------------------------------------------------------------------+-----
Fighting       | 1 2 3 4 6 7 9 10 12 13 14 15 16 17 18 19 20 21 23 | 23.1
Spellcasting   | 2 |  2.0
Conjurations   | 3 |  3.0
Throwing       | 2 3 4 5 7 9 10 11 12 13 14 15 16 18 | 18.0
Armour         | 2 3 4 5 8 10 11 12 13 14 15 16 17 18 19 20 21 22 | 22.7
Dodging        | 3 4 5 7 9 10 11 12 13 14 15 16 17 18 19 21 | 21.0
Evocations     | 1 3 4 5 6 7 8 9 10 11 12 | 12.9
Maces & Flails | 3 |  3.5
Axes           | 5 11 13 14 15 16 17 | 17.8
Shields        | 4 6 7 8 9 10 12 13 14 15 16 17 | 17.0
Invocations    | 4 6 8 9 10 11 13 14 15 16 17 | 17.4
Stealth        | |  1.5

Action                     |  1- 3 |  4- 6 |  7- 9 | 10-12 | 13-15 | 16-18 | 19-21 | 22-24 | 25-27 || total
---------------------------+-------+-------+-------+-------+-------+-------+-------+-------+-------++-------
  Melee: Unarmed           |    31 |   119 |       |       |       |       |       |       |       ||   150
         Headbutt          |     6 |    18 |    56 |   100 |   403 |   482 |   602 |   560 |     6 ||  2233
         Whip              |       |    22 |    76 |       |       |       |       |       |       ||    98
         Punch             |       |     1 |     1 |       |       |       |       |       |       ||     2
         Short sword       |       |       |    32 |       |       |       |       |       |       ||    32
         War axe           |       |       |   216 |   583 |   770 |       |       |       |       ||  1569
         Labrys            |       |       |       |       |   486 |  1400 |  1515 |  1416 |    22 ||  4839
  Throw: Javelin           |       |       |       |    12 |    37 |     5 |     5 |    82 |       ||   141
         Dart              |       |       |       |    42 |    21 |     3 |     2 |    16 |       ||    84
         Boomerang         |       |       |       |       |    33 |   158 |    52 |   328 |       ||   571
   Cast: Magic Dart        |     7 |    57 |     6 |       |       |       |       |       |       ||    70
         Searing Ray       |       |     4 |     7 |     1 |       |       |       |       |       ||    12
 Invoke: Foxfire Swarm     |     1 |       |     1 |       |       |       |       |       |       ||     2
         Fiery Armour      |       |     1 |     4 |     4 |       |       |       |       |       ||     9
         Divine Shield     |       |       |       |       |     3 |     3 |     4 |     6 |       ||    16
         Cleansing Flame   |       |       |       |       |     1 |     4 |     1 |     6 |     1 ||    13
         Summon Divine War |       |       |       |       |       |       |     4 |     3 |       ||     7
  Evoke: Wand              |       |     1 |     4 |    17 |    25 |     5 |     5 |    15 |     2 ||    74
         Condenser vane    |       |       |       |       |     5 |       |       |       |       ||     5
         Lightning rod     |       |       |       |       |     6 |     4 |       |       |       ||    10
         Phial of floods   |       |       |       |       |     1 |     2 |     3 |     2 |       ||     8
         Tin of tremorston |       |       |       |       |       |       |     7 |     9 |       ||    16
    Use: Scroll            |       |     2 |     7 |     7 |    10 |    11 |     7 |    36 |       ||    80
         Potion            |       |       |       |     1 |     5 |     4 |     6 |    13 |       ||    29
   Stab: Sleeping          |     2 |       |       |     4 |       |       |       |       |       ||     6
 Armour: Robe              |     4 |       |       |       |       |       |       |       |       ||     4
         Ring mail         |       |    49 |   170 |    27 |       |       |       |       |       ||   246
         Steam dragon scal |       |       |       |   276 |   187 |       |       |       |       ||   463
         Quicksilver drago |       |       |       |       |   264 |   177 |       |       |       ||   441
         Swamp dragon scal |       |       |       |       |    17 |   264 |       |       |       ||   281
         Chain mail        |       |       |       |       |       |    22 |   512 |   185 |       ||   719
         Gold dragon scale |       |       |       |       |       |       |       |   544 |    22 ||   566
  Dodge: Dodged            |    21 |    93 |   244 |   357 |   710 |   810 |   370 |   497 |    11 ||  3113
         Repelled          |       |       |       |       |     2 |    36 |       |       |       ||    38
  Block: Buckler           |       |       |    47 |   122 |   351 |   778 |  1093 |  1289 |    20 ||  3700
         Reflection        |       |       |       |       |     3 |   160 |    89 |   157 |       ||   409

Table legend: (Time is in decaauts)
 A = Elapsed time spent in this place.
 B = Non-inter-level travel time spent in this place.
 C = Inter-level travel time spent in this place.
 D = Time resting spent in this place.
 E = Time spent auto-exploring this place.
 F = Levels seen in this place.
 G = Mean time per level.
                   A        B        C        D        E       F      G
               +--------+--------+--------+--------+--------+-----+--------+
         Total |  59226 |  52780 |   6446 |   4822 |  35161 |  51 | 1161.3 |
       Dungeon |  18541 |  15595 |   2946 |   1453 |  11005 |  15 | 1236.1 |
        Temple |     99 |     51 |     48 |      0 |     25 |   1 |   99.0 |
          Lair |   6053 |   4929 |   1124 |    259 |   3432 |   5 | 1210.6 |
        Shoals |   4662 |   4480 |    182 |    179 |   3098 |   4 | 1165.5 |
     Snake Pit |   5376 |   5156 |    220 |    227 |   3849 |   4 | 1344.0 |
    Slime Pits |   1124 |   1061 |     63 |    293 |     93 |   5 |  224.8 |
  Orcish Mines |   1789 |   1582 |    207 |    125 |    882 |   2 |  894.5 |
        Vaults |   5783 |   5344 |    439 |    173 |   3945 |   4 | 1445.8 |
        Depths |   5636 |   4967 |    669 |    296 |   3580 |   4 | 1409.0 |
           Zot |   8814 |   8271 |    543 |   1814 |   4379 |   5 | 1762.8 |
         Sewer |    798 |    798 |      0 |      0 |    552 |   1 |  798.0 |
      Gauntlet |    547 |    547 |      0 |      0 |    320 |   1 |  547.0 |
               +--------+--------+--------+--------+--------+-----+--------+

Top non-repeatable levels by time:
   Zot:3: 2679 daAuts
    D:11: 1998 daAuts
 Snake:4: 1966 daAuts
  Lair:5: 1844 daAuts
   Zot:1: 1800 daAuts
   Zot:5: 1727 daAuts
Depths:2: 1668 daAuts
 Snake:1: 1615 daAuts
Vaults:1: 1613 daAuts
     D:2: 1599 daAuts
Vaults:2: 1531 daAuts
     D:1: 1438 daAuts
Shoals:4: 1420 daAuts
   Zot:2: 1414 daAuts
     D:7: 1405 daAuts
